Map: Nightshade LE

Players

Vanya - Winner!

  • Race: Zerg Zerg
  • Spawn Location: 11:00

Probe

  • Race: Protoss Protoss
  • Spawn Location: 5:00

Event: IEM Katowice 2020

VOD

Have the link to the VOD?

Description

Time

  • Played on: Feb. 24, 2020, 10:06 a.m.
  • Length: 13:35

All games in this series

Show
View Real Time Build Order
Export as new Build Order

Vanya Zerg - Winner!

Build Orders: Hatch First 

Get SALT Encoding   

  12  0:01  Drone  
  13  0:12  Overlord  
  13  0:17  Drone  
  14  0:30  Drone  
  14  0:31  Drone  
  16  0:47  Hatchery  
  15  0:51  Drone  
  15  0:54  Drone  
  17  0:57  Drone  
  18  1:09  Extractor  
  17  1:13  Spawning Pool  
  17  1:15  Drone  
  17  1:19  Drone  
  18  1:27  Drone  
  19  1:39  Drone  
  20  1:47  Hatchery  
  20  1:53  Drone  
  21  2:03  Overlord  
  21  2:04  Extractor, Queen  
  22  2:13  Metabolic Boost  
  22  2:22  Roach Warren  
  21  2:23  Drone x2  
  23  2:39  Queen  
  23  2:40  Drone  
  26  2:50  Overlord  
  26  2:59  Queen  
  26  3:01  Roach  
  26  3:02  Roach  
  26  3:05  Roach  
  34  3:13  Drone  
  34  3:19  Drone x2  
  37  3:21  Overlord  
  37  3:25  Ravager x2  
  37  3:26  Drone  
  37  3:27  Ravager  
  41  3:29  Drone  
  42  3:38  Drone  
  42  3:41  Drone  
  43  3:43  Drone  
  43  3:48  Drone x2  
  46  3:49  Spore Crawler  
  46  3:52  Drone  
  46  3:59  Spore Crawler  
  45  4:13  Hatchery, Drone  
  45  4:15  Drone  
  41  4:23  Queen  
  43  4:29  Queen  
  45  4:35  Drone x3  
  48  4:40  Overlord  
  48  4:44  Drone  
  48  4:45  Drone  
  49  4:55  Drone x2  
  49  4:56  Drone  
  49  4:57  Overlord  
  49  4:58  Queen  
  54  5:02  Drone x2  
  56  5:07  Lair  
  56  5:10  Drone x2  
  56  5:13  Extractor  
  57  5:19  Drone x4  
  61  5:31  Drone  
  61  5:33  Overlord x2  
  62  5:39  Pneumatized Carapace  
  62  5:41  Zergling x8  
  66  5:45  Overlord  
  66  5:46  Overlord  
  66  5:54  Roach  
  66  5:55  Roach x4  
  76  6:05  Roach x5  
  86  6:16  Queen x2  
  86  6:18  Spore Crawler  
  81  6:19  Zergling x2  
  79  6:26  Zergling x8  
  83  6:37  Zergling x12  
  89  6:42  Overlord  
  89  6:47  Queen  
  89  6:50  Spore Crawler  
  85  7:06  Zergling x16  
  85  7:07  Zergling x2  
  92  7:16  Ravager x7  
  92  7:17  Ravager x2  
  92  7:18  Ravager  
  102  7:23  Overlord  
  102  7:28  Zergling x4  
  102  7:29  Zergling x2  
  98  7:40  Zergling x12  
  102  7:53  Zergling x12  
  102  7:57  Roach  
  102  7:58  Zergling x2  
  111  8:06  Zergling x6  
  114  8:17  Overlord  
  112  8:23  Zergling x10  
  90  8:27  Zergling x2  
  90  8:33  Zergling x2, Roach  
  80  8:38  Roach  
  77  8:44  Zergling x2, Roach  
  79  8:50  Roach  
  83  8:55  Zergling x2, Roach  
  83  8:58  Zergling x2  
  83  9:02  Zergling x2  
  81  9:07  Roach  
  75  9:11  Roach  
  75  9:14  Spire  
  75  9:16  Zergling x4  
  76  9:21  Zergling x4  
  76  9:22  Zergling x4  
  79  9:30  Zergling x6  
  76  9:38  Zergling x2  
  73  9:42  Zergling x4  
  74  9:48  Zergling x2  
  74  9:52  Zergling x4  
  70  9:58  Zergling x2  
  61  10:01  Zergling x2  
  61  10:02  Zergling x2  
  61  10:05  Zergling x6  
  60  10:07  Queen  
  60  10:11  Extractor  
  60  10:13  Extractor  
  60  10:17  Drone x3  
  63  10:28  Drone x3  
  66  10:31  Spore Crawler, Mutalisk  
  66  10:32  Mutalisk x2  
  66  10:33  Mutalisk  
  66  10:35  Queen  
  73  10:39  Mutalisk  
  74  10:50  Drone x3  
  74  10:53  Drone  
  76  10:58  Mutalisk  
  78  11:09  Mutalisk x2  
  82  11:17  Mutalisk x2  
  86  11:22  Mutalisk  
  88  11:26  Roach  
  90  11:33  Roach x2  
  90  11:39  Roach  
  96  11:46  Drone x4  
  100  11:48  Drone  
  101  11:54  Ravager x5  
  101  11:56  Zergling x2  
  107  12:04  Roach x2  
  109  12:11  Roach x2  
  113  12:18  Roach  
  113  12:19  Roach x2  
  116  12:26  Zergling x8  
  105  12:32  Zergling x6  
  105  12:36  Zergling x4  
  105  12:39  Zergling x2  
  105  12:42  Zergling x2  
  105  12:43  Zergling x2  
  87  12:46  Zergling x4  
  87  12:50  Zergling x2  
  75  12:55  Zergling x4  
  66  12:58  Roach  
  66  13:01  Roach  
  66  13:04  Zergling x2  
  62  13:09  Zergling x2  
  62  13:10  Zergling x2  
  54  13:13  Zergling x2  
  54  13:19  Ravager  
  55  13:20  Ravager  
Show
View Real Time Build Order
Export as new Build Order

Probe Protoss 

Build Orders: Oracle Opening, Chargelot Immortal 

Get SALT Encoding   

  12  0:00  Probe  
  13  0:13  Probe  
  14  0:19  Pylon  
  14  0:25  Probe  
  14  0:28  Assimilator  
  15  0:38  Probe (Chrono Boost)  
  16  0:44  Gateway  
  16  0:47  Probe (Chrono Boost)  
  17  0:52  Probe (Chrono Boost)  
  18  1:01  Forge  
  19  1:04  Probe  
  19  1:15  Pylon  
  19  1:16  Probe  
  20  1:29  Pylon  
  20  1:30  Pylon  
  20  1:36  Photon Cannon  
  20  1:42  Cybernetics Core  
  20  1:50  Probe, Photon Cannon  
  21  1:58  Assimilator  
  21  2:03  Probe  
  21  2:04  Pylon  
  22  2:15  Adept (Chrono Boost)  
  22  2:16  Probe  
  22  2:18  Warp Gate  
  25  2:28  Probe  
  26  2:37  Stargate  
  26  2:40  Probe  
  26  2:41  Adept  
  29  2:52  Probe  
  30  3:11  Nexus  
  30  3:20  Oracle (Chrono Boost)  
  33  3:27  Probe  
  33  3:28  Pylon  
  34  3:40  Probe  
  35  3:48  Oracle (Chrono Boost)  
  33  3:53  Probe  
  37  4:05  Probe  
  38  4:16  Robotics Facility  
  37  4:19  Probe (Chrono Boost)  
  37  4:20  Oracle (Chrono Boost)  
  40  4:25  Probe (Chrono Boost)  
  42  4:34  Probe x2 (Chrono Boost)  
  42  4:38  Gateway  
  43  4:39  Probe (Chrono Boost)  
  43  4:40  Gateway  
  43  4:41  Probe  
  45  4:51  Probe  
  46  4:53  Probe, Oracle  
  46  4:56  Pylon  
  46  4:59  Assimilator  
  50  5:01  Assimilator  
  50  5:04  Stalker  
  50  5:05  Probe  
  53  5:07  Probe  
  54  5:17  Probe  
  54  5:19  Probe  
  56  5:22  Pylon  
  56  5:28  Adept  
  56  5:29  Probe  
  56  5:30  Observer  
  56  5:31  Probe  
  61  5:36  Pylon  
  61  5:38  Pylon  
  61  5:41  Probe, Adept x2  
  66  5:43  Probe  
  66  5:48  Protoss Ground Weapons Level 1 (Chrono Boost)  
  67  5:50  Pylon  
  67  5:56  Probe  
  68  6:00  Probe  
  68  6:02  Immortal  
  69  6:07  Twilight Council  
  73  6:11  Probe  
  73  6:12  Probe  
  69  6:24  Sentry x2  
  69  6:25  Oracle (Chrono Boost), Shield Battery  
  73  6:30  Shield Battery x2  
  73  6:31  Stalker  
  77  6:37  Pylon  
  77  6:38  Pylon  
  77  6:45  Immortal  
  81  6:56  Zealot x2  
  81  6:57  Zealot  
  84  7:12  Shield Battery  
  84  7:15  Gateway, Oracle (Chrono Boost)  
  84  7:16  Photon Cannon  
  84  7:17  Gateway  
  84  7:20  Charge (Chrono Boost)  
  87  7:26  Zealot  
  89  7:40  Nexus  
  89  7:41  Zealot  
  91  7:51  Immortal (Chrono Boost)  
  91  7:55  Zealot  
  97  8:01  Zealot  
  99  8:15  Cybernetics Core  
  99  8:22  Zealot x4  
  70  8:43  Immortal (Chrono Boost)  
  70  8:47  Zealot x3  
  80  8:48  Gateway  
  80  8:51  Gateway  
  80  8:52  Zealot  
  82  8:58  Oracle  
  82  9:02  Pylon  
  71  9:11  Zealot x2  
  72  9:18  Zealot  
  74  9:27  Zealot  
  72  9:32  Pylon  
  72  9:33  Pylon  
  72  9:43  Templar Archives  
  68  9:53  Zealot x4  
  68  9:59  Zealot  
  66  10:05  Immortal (Chrono Boost)  
  68  10:19  High Templar x3  
  68  10:20  High Templar, Sentry  
  77  10:23  Archon  
  77  10:25  Archon  
  77  10:38  Nexus  
  77  10:42  High Templar  
  79  10:47  Gateway  
  79  10:55  High Templar x3  
  82  10:59  Archon x2  
  82  11:00  High Templar x2  
  86  11:05  Gateway, Archon  
  86  11:07  Warp Prism (Chrono Boost)  
  88  11:13  Phoenix (Chrono Boost)  
  90  11:21  Pylon  
  90  11:27  Stalker x2  
  91  11:38  Phoenix (Chrono Boost)  
  90  11:49  Stalker  
  86  12:04  Phoenix  
  73  12:27  Zealot x3  
  39  12:55  Zealot x2  
  42  13:00  Probe x2  

Tags
 
Add a new tag
Caveats
  • Supply blocks, unpowered buildings, or Contaminate may cause inaccurate times.
  • Supply counts are checked every 10 seconds.